 Dungeon Crawl Stone Soup version 0.16-a0-3880-g9314259 (console) character file.

104 Fusha the Sneak (level 5, -1/34 HPs)
             Began as a Halfling Assassin on Feb 1, 2015.
             Slain by Terence
             ... wielding a +3 hand axe of draining
              (5 damage)
             ... on level 3 of the Dungeon.
             The game lasted 00:14:39 (2436 turns).

Fusha the Sneak (Halfling Assassin)                 Turns: 2436, Time: 00:14:39

Health: -1/34      AC:  7    Str: 11    XL:     5   Next: 7%
Magic:  5/5        EV: 13    Int: 15    God:
Gold:   168        SH:  0    Dex: 17    Spells: 0 memorised, 4 levels left

rFire  + . .     SeeInvis .     a - +2 dagger
rCold  . . .     Clarity  .     c - +0 robe
rNeg   . . .     SustAb   .     (no shield)
rPois  .         Gourm    .     l - +2 helmet
rElec  .         Spirit   .     d - +0 cloak
rCorr  .         Warding  .     (no gloves)
rMut   .         Stasis   .     (no boots)
MR     .....                    (no amulet)
Stlth  ++++......               t - ring of protection from fire
                                q - ring of stealth

@: brilliant, heavily drained, not resistant to hostile enchantments, stealthy
A: mutation resistance 1, shaggy fur 1
a: no special abilities


You were on level 3 of the Dungeon.
You were not hungry.

You visited 1 branch of the dungeon, and saw 3 of its levels.

You collected 168 gold pieces.

Inventory:

Hand weapons
 a - a +2 dagger (weapon)
 b - a +0 blowgun
Missiles
 e - 8 poisoned needles
 f - 2 curare-tipped needles
 h - 112 stones
 r - a tomahawk (quivered)
Armour
 c - a +0 robe (worn)
 d - a +0 cloak (worn)
 l - a +2 helmet (worn)
Jewellery
 q - a ring of stealth (left hand)
 t - a ring of protection from fire (right hand)
Scrolls
 j - 2 scrolls of amnesia {unknown}
 k - 2 scrolls of teleportation {unknown}
 m - a scroll of enchant weapon {unknown}
 o - 3 scrolls of remove curse {unknown}
 p - 2 scrolls of identify
 w - 2 scrolls of random uselessness
Potions
 u - a potion of poison
 z - a potion of invisibility {unknown}
Comestibles
 g - a bread ration
 v - a meat ration


   Skills:
 + Level 1.9(0.0) Fighting
 * Level 3.6(0.8) Short Blades
 + Level 2.9(0.2) Throwing
 + Level 1.9(0.0) Dodging
 * Level 6.1(3.1) Stealth


You had 4 spell levels left.
You didn't know any spells.

Dungeon Overview and Level Annotations

Branches:
Dungeon (3/15)

Altars:

Annotations:
D:3 Terence


Innate Abilities, Weirdness & Mutations

You are small and have problems with some larger weapons.
You are somewhat resistant to further mutation.
You are covered in fur (AC +1).


Message History

* * * LOW HITPOINT WARNING * * *
You feel sick.
Terence hits you with a hand axe of draining.
* * * LOW HITPOINT WARNING * * *
You feel drained.
Drink which item? (? for menu, Esc to quit)
It was a potion of curing.
You feel better.
Terence hits you with a hand axe of draining.
* * * LOW HITPOINT WARNING * * *
You feel drained.
* * * LOW HITPOINT WARNING * * *
Drink which item? (? for menu, Esc to quit)
Okay, then.
Read which item? (? for menu, Esc to quit)
As you read the scroll labeled MUCKAOGOCA, it crumbles to dust.
It is a scroll of identify.
Identify which item? (\ to view known items) (? for menu, Esc to quit)
w - 2 scrolls of random uselessness Terence hits you with a hand axe of draining.
You die...

# . .#### ###.#.. #
#.......?
############.#.#..#
...)..(@@.........#.#
############.........
#.......†.........#.#
.#...............#
#...............#
#.#####........... #
#.#..#.##..
#.#####.#..#.# .
#.#.......#..#.##


You could see Terence.

Vanquished Creatures
  4 adders
  A worm (D:3)
  2 giant geckos (D:1)
  An ooze (D:2)
  An orc (D:3)
  A giant cockroach (D:1)
  9 goblins
  10 hobgoblins
  4 jackals (D:2)
  5 bats
  A giant newt (D:1)
  11 kobolds
  A quokka (D:3)
  3 rats
54 creatures vanquished.

Notes
Turn   | Place    | Note
--------------------------------------------------------------
     0 | D:1      | Fusha, the Halfling Assassin, began the quest for the Orb.
     0 | D:1      | Reached XP level 1. HP: 14/14 MP: 1/1
   290 | D:1      | Reached XP level 2. HP: 19/19 MP: 2/2
   416 | D:1      | Reached skill level 5 in Stealth
   784 | D:1      | Reached XP level 3. HP: 24/24 MP: 3/3
  1513 | D:2      | Reached XP level 4. HP: 29/29 MP: 4/4
  2213 | D:3      | Reached skill level 6 in Stealth
  2213 | D:3      | Reached XP level 5. HP: 34/34 MP: 5/5
  2407 | D:3      | Noticed Terence
  2432 | D:3      | Gained mutation: You are covered in fur (AC +1). [potion of beneficial mutation]
  2436 | D:3      | Slain by Terence

Action                   |  1- 3 |  4- 6 || total
-------------------------+-------+-------++-------
Melee: Dagger            |   104 |    92 ||   196
Throw: Stone             |     5 |       ||     5
       Tomahawk          |       |     1 ||     1
  Use: Potion            |       |     5 ||     5
       Scroll            |       |     1 ||     1
 Stab: Sleeping          |    10 |     7 ||    17
  Eat: Bread ration      |     1 |       ||     1
